 Dungeon Crawl Stone Soup version 0.24-a0-279-ga7546fe (webtiles) character file.

Game seed: 5553424392218934367

80560 erloom the Grappler (level 15, 0/126 HPs)
             Began as a White Draconian Transmuter on May 1, 2019.
             Was the Champion of Cheibriados.
             Slain by a death yak (18 damage)
             ... led by a torpor snail
             ... on level 6 of the Lair of Beasts.
             The game lasted 01:04:39 (17423 turns).

erloom the Grappler (White Draconian Transmuter)   Turns: 17423, Time: 01:04:42

Health: 0/126      AC: 11    Str: 28    XL:     15   Next: 24%
Magic:  6/23       EV: 32    Int: 35    God:    Cheibriados [******]
Gold:   832        SH:  7    Dex: 33    Spells: 3/25 levels left

rFire    + . .     SeeInvis .     - Unarmed
rCold    + . .     Gourm    .   N - +0 buckler
rNeg     . . .     Faith    .   (armour unavailable)
rPois    .         Spirit   .   (helmet restricted)
rElec    .         Reflect  .   Y - +0 cloak "Holadeuz" {rF+} (curse)
rCorr    .         Harm     .   q - +0 pair of gloves
MR       +....                  (no boots)
Stlth    +++.......             z - amulet of the acrobat
HPRegen  0.31/turn              k - +2 ring of dexterity
MPRegen  0.18/turn              R - +3 ring of evasion

@: agile, very slightly contaminated, studying Evocations, very slow
A: breathe frost, unfitting armour, cold resistance 1, cold-blooded, AC +9
a: Breathe Frost, Bend Time, Temporal Distortion, Slouch, Step From Time,
Renounce Religion


You were on level 6 of the Lair of Beasts.
You worshipped Cheibriados.
Cheibriados was exalted by your worship.
You were very hungry.

You visited 3 branches of the dungeon, and saw 17 of its levels.
You also visited: Bailey.

You collected 887 gold pieces.
You spent 55 gold pieces at shops.

Inventory:

Hand Weapons
 t - a +0 blowgun
Missiles
 a - 416 arrows
 o - 346 stones (quivered)
 y - 27 tomahawks of returning
 I - 2 throwing nets
Armour
 i - a +2 cloak
 q - a +0 pair of gloves (worn)
 B - a +0 shield
 N - a +0 buckler (worn)
 Y - the cursed +0 cloak "Holadeuz" (worn) {rF+}
   (You found it on level 3 of the Lair of Beasts)

   It protects you from fire.
   It has a curse placed upon it.
Magical Staves
 T - a cursed staff of air {unknown}
Jewellery
 f - an uncursed ring of poison resistance {unknown}
 k - a +2 ring of dexterity (left hand)
 w - an uncursed amulet of regeneration
 z - an amulet of the acrobat (around neck)
 R - a +3 ring of evasion (right hand)
Wands
 d - a wand of flame (49)
 v - a wand of polymorph (16)
 F - a wand of enslavement (9)
 G - a wand of paralysis (14)
 O - a wand of iceblast (11)
 W - a wand of acid (4)
Scrolls
 e - 3 scrolls of enchant armour
 j - 6 scrolls of teleportation
 l - 5 scrolls of remove curse
 m - 3 scrolls of enchant weapon
 p - 5 scrolls of amnesia
 x - 3 scrolls of blinking
 A - 2 scrolls of fear
 C - 2 scrolls of immolation
 K - a scroll of fog
Potions
 h - 10 potions of curing
 r - 9 potions of haste
 s - 6 potions of flight
 u - a potion of mutation
 D - 2 potions of heal wounds
 E - 2 potions of brilliance
 H - 3 potions of resistance {unknown}
 M - 2 potions of lignification
 P - 2 potions of might
Books
 Q - a manual of Evocations
Miscellaneous
 X - a phial of floods
Comestibles
 b - 4 chunks of flesh
 c - 37 rations


   Skills:
 - Level 10.1 Fighting
 - Level 10.0 Dodging
 - Level 4.1 Shields
 - Level 14.0 Unarmed Combat
 + Level 5.5 Spellcasting
 - Level 1.0 Charms
 - Level 3.1 Necromancy
 - Level 3.4 Translocations
 - Level 10.0 Transmutations
 - Level 3.1 Ice Magic
 - Level 1.0 Poison Magic
 - Level 8.0 Invocations


You had 3 spell levels left.
You knew the following spells:

 Your Spells              Type           Power        Failure   Level  Hunger
a - Beastly Appendage     Tmut           ######       1%          1    None
b - Sticks to Snakes      Tmut           ######..     1%          2    None
c - Spider Form           Tmut/Pois      #####.....   1%          3    None
d - Blade Hands           Tmut           ######....   1%          5    #####..
e - Blink                 Tloc           N/A          1%          2    None
f - Ice Form              Ice/Tmut       ######..     2%          4    ##.....
g - Shroud of Golubria    Chrm/Tloc      ####......   2%          2    None
h - Regeneration          Chrm/Necr      ###.......   4%          3    None

Your spell library contained the following spells:

 Spells                   Type           Power        Failure   Level  Hunger
 Animate Skeleton         Necr           N/A          1%          1    None
 Apportation              Tloc           ####..       1%          1    None
 Infusion                 Chrm           ###.         2%          1    None
 Confusing Touch          Hex            #.....       4%          1    None
 Magic Dart               Conj           #...         4%          1    None
 Summon Small Mammal      Summ           #...         4%          1    None
 Song of Slaying          Chrm           ###.....     4%          2    None
 Call Imp                 Summ           #.......     6%          2    None
 Slow                     Hex            #.......     6%          2    None
 Spectral Weapon          Hex/Chrm       ##......     10%         3    None
 Mephitic Cloud           Conj/Pois/Air  ##......     11%         3    None
 Conjure Flame            Conj/Fire      #.......     12%         3    None


Dungeon Overview and Level Annotations

Branches:
Dungeon (10/15)            Temple (1/1) D:5            Lair (6/6) D:9
 Shoals (0/4) Lair:4        Snake (0/4) Lair:4        Slime (0/5) Lair:6
    Orc: D:9-12

Altars:
Ashenzari
Cheibriados
Dithmenos
Elyvilon
Fedhas
Gozag
Makhleb
Nemelex Xobeh
Sif Muna
Uskayaw
Vehumet
Wu Jian
Xom
Yredelemnul
Zin

Shops:
D:4 *   D:9 }

Annotations:
D:2 exclusion: downstairs
D:4 1 runed translucent door, Crazy Yiuf
D:8 exclusion: two-headed ogre
Lair:2 exclusion: 2 oklob plants
Lair:3 exclusion: oklob plant
Lair:4 3 runed translucent doors, aaksess's ghost, journeyman GnTm


Innate Abilities, Weirdness & Mutations

You can breathe waves of freezing cold.
You can buffet flying creatures when you breathe cold.
Your icy white scales are hard. (AC +9)
You cannot fit into any form of body armour.
Your flesh is cold resistant. (rC+)
You are cold-blooded and may be slowed by cold attacks.


Message History

As you read the scroll of blinking, it crumbles to dust.
You warm up again.
The cursed +0 cloak "Holadeuz" {rF+} unmelds from your body.
Your +0 pair of gloves unmelds from your body.
Your +0 buckler unmelds from your body.
You fail to use your ability.
The wolf bites you.
* * * LOW HITPOINT WARNING * * *
The wolf misses you.
Unknown command.
Unknown command.
Unknown command.
Unknown command.
Okay, then.
You can feel time thicken for a moment.
You kill the wolf!
Cheibriados thoroughly appreciates the change of pace.
You are feeling very hungry.
You feel yourself speed up. The death yak gores you!!
You die...

#...## #...## ### .. #...###PP#
....# ##.....P#
.....###......###
<...?..†.8......###
.(...........8....#######
..........8....Y........####
.....P......w..8@..........###
......#.8......†...#.........#
...[....†...........##.......###
....(.###†.##P###...#####....#.#
.....# #.##### ##### #......÷##
##P ### ##......# ## ####.....#
#.# #.#......# #.##........#


You could see a death yak and a torpor snail.

Vanquished Creatures
  An orc warlord (Bailey)
  Harold (D:7)
  2 hydras
  4 death yaks
  Nergalle (Lair:3)
  An unseen horror (D:10)
  A lindwurm (Lair:3)
  A manticore (D:10)
  4 elephants (Lair:4)
  Psyche (D:8)
  5 black mambas
  6 spiny frogs
  2 komodo dragons
  A slime creature (Lair:5)
  A hornet (D:10)
  7 blink frogs
  5 dream sheep (Lair:5)
  8 hippogriffs
  6 spriggans (Lair:4)
  3 wyverns
  A human (D:8)
  42 yaks
  4 hogs (D:8)
  2 basilisks
  2 steam dragons
  A naga (Lair:4)
  13 water moccasins
  A floating eye (Lair:2)
  8 porcupines
  Duvessa (D:5)
  6 orc warriors
  2 sky beasts
  An ice beast (D:10)
  2 black bears
  An ogre (D:4)
  2 phantoms (D:8)
  An eye of draining (D:8)
  4 centaurs
  11 wolves
  6 crocodiles
  12 bullfrogs
  Dowan (D:5)
  5 killer bees (D:8)
  A water moccasin skeleton (D:9)
  An electric eel (Lair:3)
  7 crimson imps
  2 quasits
  2 centaur skeletons
  A centaur zombie (D:5)
  3 orc priests
  7 jellies
  10 orc wizards
  3 hounds
  7 worker ants
  Terence (D:3)
  An iguana (D:5)
  A hound zombie (D:7)
  A hound skeleton (D:10)
  3 howler monkey zombies
  3 worker ant zombies
  Robin (D:3)
  A gnoll (Bailey)
  9 adders
  4 shadow imps
  An ooze (D:2)
  An adder skeleton (D:6)
  2 adder zombies
  7 worms
  6 leopard geckos
  29 orcs
  10 bats
  13 giant cockroaches
  27 goblins
  10 hobgoblins
  17 jackals
  9 quokkas
  4 ball pythons
  A ball python skeleton (D:4)
  6 frilled lizards
  19 kobolds
  A leopard gecko skeleton (D:5)
  3 quokka skeletons
  8 rats
  A plant (Lair:4)
434 creatures vanquished.

Vanquished Creatures (collateral kills)
  Rupert (Lair:3)
  An ogre (D:4)
2 creatures vanquished.

Vanquished Creatures (others)
  A bush (Lair:2)
  18 fungi
  17 plants
36 creatures vanquished.

Grand Total: 472 creatures vanquished

Notes
Turn   | Place    | Note
-------+----------+-------------------------------------------
     0 | D:1      | erloom the Draconian Transmuter began the quest for the
                  | Orb.
     0 | D:1      | Reached XP level 1. HP: 16/16 MP: 3/3
   126 | D:1      | Reached XP level 2. HP: 20/23 MP: 5/5
   391 | D:1      | Learned a level 2 spell: Sticks to Snakes
   399 | D:1      | Reached skill level 4 in Unarmed Combat
   833 | D:2      | Reached XP level 3. HP: 27/28 MP: 4/6
   849 | D:2      | Learned a level 3 spell: Spider Form
  1062 | D:2      | Reached skill level 1 in Poison Magic
  1326 | D:2      | Reached XP level 4. HP: 32/35 MP: 7/7
  1744 | D:2      | Found a faded altar of an unknown god.
  1754 | D:2      | Found a white marble altar of Elyvilon.
  1903 | D:3      | Found a basalt altar of Yredelemnul.
  1975 | D:3      | Found a shadowy altar of Dithmenos.
  2052 | D:3      | Noticed Terence
  2131 | D:3      | Noticed Robin
  2138 | D:3      | Reached XP level 5. HP: 38/40 MP: 4/8
  2330 | D:3      | Killed Robin
  2915 | D:3      | Killed Terence
  3240 | D:4      | Noticed an ogre
  3264 | D:4      | Killed an ogre
  3264 | D:4      | Reached skill level 5 in Unarmed Combat
  3264 | D:4      | Reached XP level 6. HP: 47/48 MP: 2/9
  3469 | D:4      | Found a runed translucent door.
  3470 | D:4      | Noticed Crazy Yiuf
  3604 | D:4      | Found Qorphaaj's General Store.
  3615 | D:4      | Bought a potion of agility for 44 gold pieces
  3615 | D:4      | Bought a potion of degeneration for 11 gold pieces
  3837 | D:4      | Reached skill level 6 in Unarmed Combat
  4306 | D:5      | Entered Level 5 of the Dungeon
  4331 | D:5      | Found a staircase to the Ecumenical Temple.
  4359 | Temple   | Entered the Ecumenical Temple
  4371 | Temple   | Became a worshipper of Cheibriados the Contemplative
  4388 | D:5      | Your scales start taking on an icy white colour.
  4388 | D:5      | Reached XP level 7. HP: 44/55 MP: 6/10
  4388 | D:5      | Gained mutation: Your flesh is cold resistant. (rC+) [White
                  | Draconian growth]
  4433 | D:4      | Reached skill level 1 in Invocations
  4593 | D:5      | Reached skill level 7 in Unarmed Combat
  4639 | D:5      | Noticed Duvessa
  4644 | D:5      | Noticed Dowan
  4651 | D:5      | Killed Duvessa
  4655 | D:5      | Killed Dowan
  4887 | D:5      | Reached skill level 8 in Unarmed Combat
  4892 | D:5      | Reached * piety under Cheibriados
  5034 | D:5      | Found a sparkling altar of Nemelex Xobeh.
  5317 | D:6      | Noticed a wyvern
  5345 | D:6      | Killed a wyvern
  5345 | D:6      | Reached XP level 8. HP: 26/66 MP: 1/11
  5835 | D:6      | Reached skill level 5 in Fighting
  6358 | D:7      | Reached ** piety under Cheibriados
  6361 | D:7      | Found a blossoming altar of Fedhas.
  6893 | D:7      | Noticed a hippogriff
  6903 | D:7      | Killed a hippogriff
  6903 | D:7      | Reached skill level 5 in Dodging
  6945 | D:7      | Noticed Harold
  6971 | D:7      | Killed Harold
  6971 | D:7      | Reached XP level 9. HP: 25/74 MP: 4/12
  7443 | D:8      | Found a deep blue altar of Sif Muna.
  7468 | D:8      | Found a burning altar of Makhleb.
  7627 | D:8      | Found a shattered altar of Ashenzari.
  7659 | D:8      | Found a hide-covered altar of Uskayaw.
  7678 | D:8      | Found an ornate altar of the Wu Jian Council.
  7774 | D:8      | You fall through a shaft!
  7774 | D:9      | Found a staircase to the Lair.
  7774 | D:9      | Found a shimmering altar of Xom.
  7816 | D:9      | Reached *** piety under Cheibriados
  7980 | D:9      | Found Woont's Gadget Shop.
  8044 | D:8      | Learned a level 5 spell: Blade Hands
  8075 | D:8      | Noticed a two-headed ogre
  8203 | D:8      | Noticed Psyche
  8215 | D:8      | Killed Psyche
  8315 | D:8      | Reached XP level 10. HP: 59/81 MP: 8/13
  8578 | D:8      | Reached skill level 10 in Transmutations
  9049 | D:9      | Reached **** piety under Cheibriados
  9349 | D:10     | Entered Level 10 of the Dungeon
  9395 | D:10     | Found a flagged portal.
  9417 | Bailey   | Entered a bailey
  9431 | Bailey   | Noticed an orc warlord
  9539 | Bailey   | Found a runed translucent gate.
  9540 | Bailey   | Found a runed translucent gate.
  9541 | Bailey   | Found a runed translucent gate.
  9636 | Bailey   | Killed an orc warlord
  9705 | D:10     | Reached ***** piety under Cheibriados
  9705 | D:10     | Reached skill level 9 in Unarmed Combat
 10086 | D:10     | Noticed a manticore
 10095 | D:10     | Killed a manticore
 10095 | D:10     | Reached XP level 11. HP: 65/92 MP: 11/17
 10334 | D:10     | Reached skill level 10 in Unarmed Combat
 10408 | D:10     | Learned a level 2 spell: Blink
 10413 | D:10     | Learned a level 4 spell: Ice Form
 10440 | D:10     | Paralysed by a hornet for 1 turns
 10441 | D:10     | Reached skill level 1 in Ice Magic
 10712 | D:10     | Killed an unseen horror
 10712 | D:10     | Reached skill level 1 in Translocations
 10925 | Lair:1   | Entered Level 1 of the Lair of Beasts
 11594 | Lair:1   | Reached skill level 5 in Invocations
 11781 | Lair:2   | Noticed an oklob plant
 11790 | Lair:2   | Noticed a seven-headed hydra
 11794 | Lair:2   | Paralysed by a floating eye for 4 turns
 11836 | Lair:2   | Reached skill level 11 in Unarmed Combat
 12249 | Lair:2   | Paralysed by a floating eye for 2 turns
 12297 | Lair:2   | Reached skill level 12 in Unarmed Combat
 12297 | Lair:2   | Reached XP level 12. HP: 78/100 MP: 15/18
 12558 | Lair:2   | Reached skill level 1 in Shields
 13032 | Lair:3   | Noticed Rupert
 13056 | Lair:3   | Killed Rupert
 13508 | Lair:3   | Got a dazzling cloak
 13524 | Lair:3   | Identified the cursed +0 cloak "Holadeuz" {rF+} (You found
                  | it on level 3 of the Lair of Beasts)
 13534 | Lair:3   | Reached ****** piety under Cheibriados
 13721 | Lair:3   | Noticed Nergalle
 13734 | Lair:3   | Killed Nergalle
 13939 | Lair:3   | Reached skill level 13 in Unarmed Combat
 13959 | Lair:3   | Noticed an eight-headed hydra
 13975 | Lair:3   | Killed an eight-headed hydra
 15222 | Lair:4   | Reached skill level 14 in Unarmed Combat
 15227 | Lair:4   | Learned a level 2 spell: Shroud of Golubria
 15428 | Lair:4   | Found a staircase to the Snake Pit.
 15443 | Lair:4   | Found a staircase to the Shoals.
 15445 | Lair:4   | Found a runed translucent gate.
 15445 | Lair:4   | Found a runed translucent gate.
 15445 | Lair:4   | Found a runed translucent gate.
 15545 | Lair:4   | Noticed aaksess's ghost (journeyman GnTm)
 15547 | Lair:4   | Found the +8 arc blade {discharge, rElec}
 16180 | Lair:5   | Reached skill level 10 in Fighting
 16180 | Lair:5   | Reached XP level 13. HP: 113/113 MP: 19/19
 16181 | Lair:5   | Reached XP level 14. HP: 121/121 MP: 20/20
 16200 | Lair:5   | Reached XP level 15. HP: 126/126 MP: 15/21
 16413 | Lair:5   | Learned a level 3 spell: Regeneration
 16428 | Lair:5   | Reached skill level 1 in Charms
 16428 | Lair:5   | Reached skill level 1 in Necromancy
 16487 | Lair:5   | Reached skill level 10 in Dodging
 17011 | Lair:6   | Entered Level 6 of the Lair of Beasts
 17011 | Lair:6   | Found a staircase to the Slime Pits.
 17415 | Lair:6   | Reached skill level 5 in Spellcasting
 17423 | Lair:6   | Slain by a death yak

Levels and vault maps discovered:
D:1:      minmay_arrival_stone_box, layout_loops_ring, minmay_tromino_i4
D:2:      layout_basic, marbit_many_paths, chequers_ecumenical_altar_simple
D:3:      layout_basic, yredelemnul_altar_generic,
          lemuel_coloured_pillars_altar, hex_tiny, uniq_robin, uniq_terence
D:4:      layout_loops_ring, serial_shops, nicolae_shop_trees,
          minmay_misc_feat_nine_boxes, uniq_crazy_yiuf_cottage
D:5:      layout_loops_ring, nemelex_xobeh_ov_fountains_minmay,
          minmay_temple_entry_antechambers, first_ration,
          grunt_decor_mini_mirrors, kennysheep_generic_room_15, uniq_duvessa
D:6:      layout_cave_pods
D:7:      layout_loops_cross, fedhas_altar_2, uniq_harold
D:8:      layout_rooms, grunt_temple_overflow_cloverleaf, basic_altar,
          grunt_livestock, minmay_manual_mares, uniq_psyche
D:9:      layout_cave_pods, overflow_temple_1_default, lair_entry_dummy,
          serial_shops, shop, kennysheep_generic_room_13
D:10:     layout_long_grid, enter_bailey_3
Temple:   nicolae_temple_hex_pool
Lair:1:   layout_chaotic_city, fungi_pond_lemuel
Lair:2:   layout_loops_ring, disabler_island
Lair:3:   layout_loops_ring, nicolae_volcano_entry_vermiform,
          infiniplex_staircase_pool_2, serial_bayou_shore_a,
          minmay_lair_oklob_chamber, lemuel_fruit_tree, grunt_megastairs_5,
          serial_bayou_shore_b, uniq_nergalle, uniq_rupert
Lair:4:   layout_regular_city, shoals_dummy_entry, guppyfry_snake_entry_garden,
          gammafunk_ghost_icy, wad_woods_01
Lair:5:   layout_regular_city, beast_lair_carwin_5, grunt_megastairs_2
Lair:6:   evilmike_catoblepas_cave, layout_gridlike, minmay_slime_entry_pillars,
          gammafunk_ghost_split

Skill      XL: |  1  2  3  4  5  6  7  8  9 10 11 12 13 14 15 |
---------------+----------------------------------------------+-----
Unarmed Combat | 4 5 6 8 9 12 14 | 14.0
Poison Magic   | 1 |  1.0
Transmutations | 4 6 9 10 | 10.0
Fighting       | 2 3 5 7 10 | 10.1
Invocations    | 1 2 5 7 8 |  8.0
Dodging        | 2 5 7 9 10 | 10.0
Spellcasting   | 4 5 |  5.5
Ice Magic      | 3 |  3.1
Translocations | 2 3 |  3.4
Shields        | 4 |  4.1
Charms         | 1 |  1.0
Necromancy     | 3 |  3.1

Action                   |  1- 3 |  4- 6 |  7- 9 | 10-12 | 13-15 || total
-------------------------+-------+-------+-------+-------+-------++-------
Melee: Unarmed           |   175 |   255 |   361 |   471 |   118 ||  1380
       Tailslap          |    19 |    21 |    57 |   106 |    27 ||   230
       Punch             |     3 |     2 |    16 |    31 |     5 ||    57
       Headbutt          |     5 |     5 |     4 |       |       ||    14
       Kick              |       |    10 |     3 |       |       ||    13
Throw: Stone             |     1 |     3 |    19 |    34 |    13 ||    70
 Cast: Beastly Appendage |     4 |    15 |     6 |       |       ||    25
       Spider Form       |       |     8 |     9 |       |       ||    17
       Sticks to Snakes  |       |     5 |     6 |     7 |       ||    18
       Blade Hands       |       |       |     2 |    35 |     9 ||    46
       Blink             |       |       |       |     3 |     1 ||     4
       Ice Form          |       |       |       |     2 |     1 ||     3
       Shroud of Golubri |       |       |       |       |     1 ||     1
Invok: Slouch            |       |       |       |     1 |     2 ||     3
       Bend Time         |       |       |       |     1 |       ||     1
       Temporal Distorti |       |       |       |     1 |       ||     1
 Abil: Breathe Frost     |       |       |     1 |     1 |       ||     2
       End Transformatio |       |       |       |     1 |     2 ||     3
Evoke: Wand              |       |       |     4 |    10 |     1 ||    15
  Use: Scroll            |       |       |    14 |    12 |     8 ||    34
       Potion            |       |       |       |    10 |     2 ||    12
 Stab: Sleeping          |     2 |     1 |     1 |       |       ||     4
       Paralysed         |       |       |     1 |       |       ||     1
       Invisible         |       |       |       |     5 |       ||     5
       Distracted        |       |       |       |     1 |       ||     1
  Eat: Chunk             |     2 |    12 |     6 |    25 |     4 ||    49
       Ration            |       |       |     1 |       |       ||     1
Armor: Skin              |    58 |    79 |    92 |    85 |    14 ||   328
Dodge: Dodged            |   111 |   163 |   210 |   526 |   110 ||  1120
Block: Buckler           |       |       |       |    13 |    17 ||    30

Table legend:
 A = Non-vault XP
 B = Vault XP
 C = Vault XP percentage of total XP
 D = Non-vault monster count
 E = Vault monster count
 F = Vault count percentage of total count
                 A         B        C        D         E       F
            +---------+---------+-------+---------+---------+-------
      Total |   34108 |   16317 |  32.4 |     345 |      90 |  20.7
            +---------+---------+-------+---------+---------+-------
        D:1 |      33 |       7 |  17.5 |      24 |       4 |  14.3
        D:2 |     125 |       7 |   5.3 |      31 |       4 |  11.4
        D:3 |      68 |      59 |  46.5 |      27 |      10 |  27.0
        D:4 |     375 |       0 |   0.0 |      19 |       0 |   0.0
        D:5 |     372 |     224 |  37.6 |      22 |       3 |  12.0
        D:6 |     805 |       0 |   0.0 |      24 |       0 |   0.0
        D:7 |     488 |     923 |  65.4 |      11 |       1 |   8.3
        D:8 |    1368 |    1638 |  54.5 |      29 |       8 |  21.6
        D:9 |     639 |     126 |  16.5 |      21 |       2 |   8.7
       D:10 |    4351 |       8 |   0.2 |      28 |       4 |  12.5
     Lair:1 |    2505 |       0 |   0.0 |      11 |       0 |   0.0
     Lair:2 |    6706 |     148 |   2.2 |      34 |       1 |   2.9
     Lair:3 |    4129 |    3870 |  48.4 |      18 |       6 |  25.0
     Lair:4 |    3454 |    1498 |  30.3 |      12 |       7 |  36.8
     Lair:5 |    4320 |    4710 |  52.2 |      18 |      16 |  47.1
     Lair:6 |    4370 |     965 |  18.1 |      16 |       4 |  20.0
     Bailey |       0 |    2134 | 100.0 |       0 |      20 | 100.0
            +---------+---------+-------+---------+---------+-------
